 Dungeon Crawl Stone Soup version 0.31.0-32-g396128a36d (webtiles) character file.

Game seed: 14235424394488980236

430 PaiMei the Grave Robber (level 6, -6/46 HPs)
             Began as a Demonspawn Necromancer on Apr 11, 2024.
             Mangled by an ogre
             ... wielding a +0 giant club
              (17 damage)
             ... on level 5 of the Dungeon.
             The game lasted 00:06:54 (6110 turns).

PaiMei the Grave Robber (Demonspawn Necromancer)    Turns: 6110, Time: 00:06:54

Health: -6/46      AC:  7    Str: 15    XL:     6   Next: 66%
Magic:  0/11       EV: 13    Int: 15    God:
Gold:   283        SH:  7    Dex: 20    Spells: 8/12 levels left

rFire   . . .        k - +2 dagger (drain)
rCold   + . .        s - +2 buckler
rNeg    + + +        p - +1 leather armour {rPois}
rPois   +            (helmet restricted)
rElec   .            (no cloak)
rCorr   .            w - +0 pair of gloves
SInv    .            (no boots)
Will    .....        (no amulet)
Stlth   ++           q - +6 ring of strength
HPRegen 0.27/turn    r - ring of the Red Lemon {rC+ rN+++ Int-2 Dex+7}
MPRegen 0.12/turn

%: no passive effects
@: very slightly contaminated
A: antennae 2, thin metallic scales 1, ignite blood 1
a: no special abilities


You were on level 5 of the Dungeon.
You visited 2 branches of the dungeon, and saw 6 of its levels.

You collected 283 gold pieces.

Inventory:

Hand Weapons
 g - a +0 dagger of electrocution
 k - a +2 dagger of draining (weapon)
Missiles
 a - 2 throwing nets
Armour
 p - a +1 leather armour of poison resistance (worn)
 s - a +2 buckler (worn)
 w - a +0 pair of gloves (worn)
Jewellery
 q - a +6 ring of strength (left hand)
 r - the ring of the Red Lemon (right hand) {rC+ rN+++ Int-2 Dex+7}
   (You found it on level 4 of the Dungeon)

   [ring of protection from cold]

   Int-2:     It affects your intelligence (-2).
   Dex+7:     It affects your dexterity (+7).
   rC+:       It protects you from cold.
   rN+++:     It renders you almost immune to negative energy.
 v - a ring of willpower
Scrolls
 d - 3 scrolls of identify {unknown}
 e - 2 scrolls of noise {unknown}
 h - a scroll of brand weapon {unknown}
 j - a scroll of silence {unknown}
 m - 2 scrolls of blinking {unknown}
 n - a scroll of fog {unknown}
 o - 3 scrolls of immolation {unknown}
 t - a scroll of teleportation {unknown}
 x - a scroll of enchant armour {unknown}
Potions
 b - a potion of magic
 c - 4 potions of enlightenment {unknown}
 f - a potion of ambrosia {unknown}
 i - a potion of invisibility {unknown}
 l - a potion of mutation {unknown}
 u - 2 potions of heal wounds {unknown}


   Skills:
 + Level 2.7 Fighting
 + Level 3.5 Dodging
 - Level 2.3 Stealth
 + Level 3.6 Spellcasting
 + Level 5.8 Necromancy


You had 8 spell levels left.
You knew the following spells:

 Your Spells              Type           Power      Damage    Failure   Level
a - Necrotise             Necr           80%        1d8       3%          1
b - Vampiric Draining     Necr           20%        2d7       9%          3

Your spell library contained the following spells:

 Spells                   Type           Power      Damage    Failure   Level
 Animate Dead             Necr           20%        N/A       28%         4
 Jinxbite                 Hex            4%         N/A       43%         2
 Curse of Agony           Necr           20%        N/A       63%         5
 Yara's Violent Unravell  Hex/Alch       1%         3d3       100%        5
 Enfeeble                 Hex            1%         N/A       100%        7


Dungeon Overview and Level Annotations

Branches:
Dungeon (5/15)             Temple (1/1) D:4

Altars:
Ashenzari
Cheibriados
Hepliaklqana
Makhleb
Qazlal
Ru
Uskayaw
Xom
Yredelemnul

Shops:
D:4 (


Innate Abilities, Weirdness & Mutations

You have a pair of antennae on your head.
You are partially covered in thin metallic scales. (AC +2)
Your demonic aura sometimes causes spilled blood to erupt in flames.


Message History

The ogre barely resists.
The ogre hits you with a +0 giant club!
Casting: Necrotise (safe; 3% risk of failure)
Confirm with . or Enter, or press ? or * to list all spells.
Aiming: Vampiric Draining (dangerous; 9% risk of failure)
Press: ? - help, Shift-Dir - straight line, f/p - ogre
Aim: an ogre, wielding a +0 giant club (lightly wounded)
You miscast Vampiric Draining.
You are very lightly contaminated with residual magic.
Nothing appears to happen.
Casting: Vampiric Draining (dangerous; 9% risk of failure)
Confirm with . or Enter, or press ? or * to list all spells.
Aiming: Vampiric Draining (dangerous; 9% risk of failure)
Press: ? - help, Shift-Dir - straight line, f/p - ogre
Aim: an ogre, wielding a +0 giant club (lightly wounded)
You draw life force from the ogre!
You feel life coursing into your body. The ogre barely misses you.
Casting: Vampiric Draining (dangerous; 9% risk of failure)
Confirm with . or Enter, or press ? or * to list all spells.
Aiming: Vampiric Draining (dangerous; 9% risk of failure)
Press: ? - help, Shift-Dir - straight line, f/p - ogre
Aim: an ogre, wielding a +0 giant club (heavily wounded)
You miscast Vampiric Draining.
Nothing appears to happen.
The ogre hits you with a +0 giant club!!
Ouch! That really hurt!
* * * LOW HITPOINT WARNING * * *
Casting: Vampiric Draining (dangerous; 9% risk of failure)
Confirm with . or Enter, or press ? or * to list all spells.
You don't have enough magic to cast this spell.
Casting: Vampiric Draining (dangerous; 9% risk of failure)
Confirm with . or Enter, or press ? or * to list all spells.
Aiming: Necrotise (safe; 3% risk of failure)
Press: ? - help, Shift-Dir - straight line, f/p - ogre
Aim: an ogre, wielding a +0 giant club (moderately wounded, chance to affect: 78%)
The ogre writhes in agony.
The ogre misses you.
You hit the ogre.
The ogre is severely wounded.
You barely miss the ogre.
The ogre is severely wounded.
The ogre hits you with a +0 giant club!
You die...

..#..~~~~≈≈.)≈≈≈~~~~...~~
#...###.~~~..≈≈≈≈≈≈~~~~~≈
#...###.##~..~~~≈≈≈≈≈≈≈≈≈
#.#.##...8..8#~~~~≈≈≈≈≈~
#....####8..8####~~~~~~~
#..# #....# ##......
#.#.# #....# ##......
#.##.#####.)## ##.###..#
## #..O@...)# #.## ##..
########.# #.# #..
#.####.## ##.#
#.......###.##
#####.######...##
#####..............#
......###.#######..#
^..^....#......##..###
.....^....#####........


You could see an ogre.

Vanquished Creatures
  A phantom (D:5)
  A jelly (D:3)
  A gnoll bouda (D:5)
  An iguana (D:5)
  3 orc wizards
  A hound zombie (D:3)
  4 gnolls (D:5)
  3 adders
  4 ufetubi (D:5)
  An adder zombie (D:3)
  A dart slug (D:3)
  7 orcs
  7 bats
  5 endoplasms
  A giant cockroach (D:2)
  13 goblins
  8 hobgoblins
  6 kobolds
  A quokka (D:3)
  6 ball pythons
  A frilled lizard (D:1)
  2 rats (D:2)
78 creatures vanquished.

Vanquished Creatures (collateral kills)
  An adder (D:4)
  An orc (D:4)
  2 endoplasms
  A frilled lizard (D:1)
  A rat (D:3)
6 creatures vanquished.

Grand Total: 84 creatures vanquished

Notes
Turn   | Place    | Note
-------+----------+-------------------------------------------
     0 | D:1      | PaiMei the Demonspawn Necromancer began the quest for the
                  | Orb.
     0 | D:1      | Reached XP level 1. HP: 13/13 MP: 3/3
   289 | D:1      | Gained mutation: You are partially covered in thin metallic
                  | scales. (AC +2) [demonic ancestry]
   289 | D:1      | Reached XP level 2. HP: 19/19 MP: 0/5
  1392 | D:2      | Gained mutation: Your demonic aura sometimes causes spilled
                  | blood to erupt in flames. [demonic ancestry]
  1392 | D:2      | Reached XP level 3. HP: 24/24 MP: 0/6
  1396 | D:2      | Learned a level 3 spell: Vampiric Draining
  1761 | D:2      | Found a faded altar of an unknown god.
  2287 | D:3      | Found a hide-covered altar of Uskayaw.
  2295 | D:3      | Gained mutation: You have a pair of small antennae on your
                  | head. [demonic ancestry]
  2295 | D:3      | Reached XP level 4. HP: 31/31 MP: 0/7
  2980 | D:3      | Reached skill level 1 in Fighting
  2980 | D:3      | Reached skill level 5 in Necromancy
  3004 | D:3      | Found a basalt altar of Yredelemnul.
  3762 | D:3      | Reached XP level 5. HP: 29/37 MP: 1/9
  4354 | D:4      | Identified the ring of the Red Lemon {rC+ rN+++ Int-2
                  | Dex+7}
  4510 | D:4      | Found Hitoskocw's Antique Weapon Shoppe.
  4539 | D:4      | Found a staircase to the Ecumenical Temple.
  4571 | Temple   | Entered the Ecumenical Temple
  4850 | D:5      | Entered Level 5 of the Dungeon
  5110 | D:5      | Gained mutation: You have a pair of antennae on your head.
                  | [demonic ancestry]
  5110 | D:5      | Reached XP level 6. HP: 42/44 MP: 3/11
  5860 | D:5      | Noticed an angel
  5861 | D:5      | Found a shimmering altar of Xom.
  6110 | D:5      | Mangled by an ogre

Illustrated notes

Levels and vault maps discovered:
D:1:      pf_arrival_petrified_forest, layout_basic
D:2:      layout_basic, hellmonk_ecumenical_altar_crossroads
D:3:      kennysheep_the_goblin_king, layout_loops_corners,
          lemuel_zombie_altar_yredelemnul,
          nicolae_uskayaw_murder_on_the_dancefloor,
          chequers_serial_rivers_micro_e
D:4:      layout_basic, minmay_temple_entry_junction, serial_shops,
          nicolae_shop_overgrown_old_shop
D:5:      wander_river, layout_loops_ring,
          grunt_temple_overflow_order_and_chaos_1, minmay_holes
Temple:   nicolae_temple_great_sept

Skill      XL: |  1  2  3  4  5 |
---------------+----------------+-----
Stealth        | 2 |  2.3
Dodging        | 2 3 |  3.5
Fighting       | 1 2 |  2.7
Necromancy     | 5 |  5.8
Spellcasting   | 3 |  3.6

Action                     |  1- 3 |  4- 6 || total
---------------------------+-------+-------++-------
  Melee: Unarmed           |     1 |       ||     1
         Dagger            |     3 |   106 ||   109
   Cast: Necrotise         |    58 |   115 ||   173
         Vampiric Draining |       |     5 ||     5
 Armour: Robe              |     9 |    18 ||    27
         Leather armour    |       |   106 ||   106
  Dodge: Dodged            |    12 |   125 ||   137
  Block: Buckler           |       |    52 ||    52
